 Dungeon Crawl Stone Soup version 0.29.1-12-g30fa7ad0bf (webtiles) character file.

Game seed: 4068209734692373963

130 xzight the Grasshopper (level 5, 0/43 HPs)
             Began as a Gnoll Warper on Dec 28, 2022.
             Slain by an iguana (8 damage)
             ... on level 3 of the Dungeon.
             The game lasted 00:03:59 (2526 turns).

xzight the Grasshopper (Gnoll Warper)               Turns: 2526, Time: 00:04:00

Health: 0/43       AC:  4    Str: 10    XL:     5   Next: 14%
Magic:  12/12      EV: 12    Int: 15    God:
Gold:   164        SH:  0    Dex: 11    Spells: 12/14 levels left

rFire   . . .      SeeInvis .   a - +0 mace
rCold   . . .      Faith    .   (no shield)
rNeg    . . .      Spirit   .   b - +0 leather armour
rPois   .          Reflect  .   (no helmet)
rElec   .          Harm     .   (no cloak)
rCorr   .          Rampage  .   (no gloves)
Will    .....                   e - +0 pair of boots
Stlth   +.........              (no amulet)
HPRegen 0.14/turn               (no ring)
MPRegen 0.13/turn               (no ring)

@: no status effects
A: fangs 1, strong nose, distributed training
a: no special abilities


You were on level 3 of the Dungeon.
You visited 1 branch of the dungeon, and saw 4 of its levels.

You collected 164 gold pieces.


Innate Abilities, Weirdness & Mutations

You have very sharp teeth.
Your uncanny sense of smell can sniff out nearby items.
Your experience applies equally to all skills.


   Skills:
 + Level 4.7 Fighting
 + Level 1.4 Short Blades
 + Level 1.4 Long Blades
 + Level 1.4 Axes
 + Level 4.7 Maces & Flails
 + Level 1.4 Polearms
 + Level 1.4 Staves
 + Level 1.4 Ranged Weapons
 + Level 2.9 Throwing
 + Level 2.9 Armour
 + Level 4.7 Dodging
 + Level 1.4 Stealth
 + Level 1.4 Shields
 + Level 1.4 Unarmed Combat
 + Level 5.2 Spellcasting
 + Level 1.1 Conjurations
 + Level 1.1 Hexes
 + Level 1.1 Summonings
 + Level 1.1 Necromancy
 + Level 5.5 Translocations
 + Level 1.1 Transmutations
 + Level 1.1 Fire Magic
 + Level 1.1 Ice Magic
 + Level 1.1 Air Magic
 + Level 1.1 Earth Magic
 + Level 1.1 Poison Magic
 + Level 1.6 Invocations
 + Level 1.4 Evocations


You had 12 spell levels left.
You knew the following spells:

 Your Spells              Type           Power      Damage    Failure   Level
a - Blink                 Tloc           40%        N/A       3%          2

Your spell library contained the following spells:

 Spells                   Type           Power      Damage    Failure   Level
 Gell's Gravitas          Tloc           20%        N/A       6%          3
 Lesser Beckoning         Tloc           20%        N/A       6%          3
 Teleport Other           Tloc           20%        N/A       6%          3
 Static Discharge         Conj/Air       7%         3-4/arc   21%         2
 Manifold Assault         Tloc           20%        N/A       52%         5
 Dispel Undead            Necr           7%         3d8       78%         4
 Sticky Flame             Conj/Fire      7%         2d3       78%         4

Inventory:

Hand Weapons
 a - a +0 mace (weapon)
Missiles
 d - 2 boomerangs of dispersal (quivered) {=f}
 p - a throwing net {=f}
Armour
 b - a +0 leather armour (worn)
 e - a +0 pair of boots (worn)
Magical Staves
 f - a staff of conjuration {!a}
Wands
 k - a wand of acid (8)
 q - a wand of flame (17)
Scrolls
 c - 2 scrolls of blinking
 g - 2 scrolls of teleportation {unknown}
 h - a scroll of enchant weapon {unknown}
 j - 3 scrolls of identify {unknown}
 l - a scroll of summoning {unknown}
 m - a scroll of fog {unknown}
Potions
 i - a potion of ambrosia {unknown}
 n - a potion of mutation {unknown}
 o - a potion of brilliance {unknown}

Dungeon Overview and Level Annotations

Branches:
Dungeon (4/15)
 Temple: D:4-7

Altars:

Annotations:
D:1 1 runed translucent door

#.........#
#......▒...
######.#.##
#####▓.▒.▒. #.#.#
▓...▒. #.#.# #▓.▒.▒.
#...########..▒...
#..##.......▒.▒.▓.
#.....######▒...▓▓
#l#####.....▒.▒... #@#
#.......▒▒.▒ #g#
#....<▓..^.. #.#
#.....▓▓.░░░
#####.#####.....####.#
#...............####..
#..................)..
#..........###########
#..........#
#..........#


You could see an iguana and a hobgoblin.


Message History

The iguana is heavily wounded.
The hobgoblin hits you but does no damage.
The iguana misses you.
You hit the iguana. You bite the iguana.
The iguana is severely wounded.
The hobgoblin hits you but does no damage.
The iguana bites you!
You hit the iguana but do no damage.
The iguana is severely wounded.
The hobgoblin closely misses you. The iguana bites you!
* * * LOW HITPOINT WARNING * * *
You hit the iguana.
The iguana is almost dead.
The hobgoblin hits you.
* * * LOW HITPOINT WARNING * * *
The iguana bites you.
* * * LOW HITPOINT WARNING * * *
The hobgoblin hits you.
* * * LOW HITPOINT WARNING * * *
The iguana barely misses you.
You barely miss the iguana.
The iguana is almost dead.
The hobgoblin hits you.
* * * LOW HITPOINT WARNING * * *
The iguana misses you.
You hit the iguana but do no damage.
The iguana is almost dead.
The hobgoblin hits you but does no damage.
The iguana bites you!
You die...

Skill      XL: |  1  2  3 |
---------------+----------+-----
Spellcasting   | 5 |  5.2
Invocations    | 1 |  1.6
Short Blades   | 1 |  1.4
Long Blades    | 1 |  1.4
Axes           | 1 |  1.4
Polearms       | 1 |  1.4
Staves         | 1 |  1.4
Ranged Weapons | 1 |  1.4
Stealth        | 1 |  1.4
Shields        | 1 |  1.4
Unarmed Combat | 1 |  1.4
Evocations     | 1 |  1.4
Conjurations   | 1 |  1.1
Hexes          | 1 |  1.1
Summonings     | 1 |  1.1
Necromancy     | 1 |  1.1
Transmutations | 1 |  1.1
Fire Magic     | 1 |  1.1
Ice Magic      | 1 |  1.1
Air Magic      | 1 |  1.1
Earth Magic    | 1 |  1.1
Poison Magic   | 1 |  1.1
Fighting       | |  4.7
Maces & Flails | |  4.7
Throwing       | |  2.9
Armour         | |  2.9
Dodging        | |  4.7
Translocations | |  5.5

Action                   |  1- 3 |  4- 6 || total
-------------------------+-------+-------++-------
Melee: Mace              |   112 |    33 ||   145
       Bite              |    15 |     2 ||    17
       Punch             |     1 |       ||     1
Throw: Boomerang         |     5 |       ||     5
 Stab: Sleeping          |     2 |       ||     2
Armor: Leather armour    |    38 |    21 ||    59
Dodge: Dodged            |    85 |    29 ||   114

Levels and vault maps discovered:
D:1:      dpeg_arrival_caged_fury, layout_basic,
          shapermc_ecumenical_altar_acropolis, hangedman_feature_mirror
D:2:      layout_basic
D:3:      layout_rooms, serial_park_tiny_pond,
          nicolae_concentric_dashed_squares_wild
D:4:      layout_basic, nicolae_wu_jian_wuxing_cycle

Notes
Turn   | Place    | Note
-------+----------+-------------------------------------------
     0 | D:1      | xzight the Gnoll Warper began the quest for the Orb.
     0 | D:1      | Reached XP level 1. HP: 20/20 MP: 6/6
     1 | D:1      | Found a runed translucent door.
   191 | D:1      | Reached XP level 2. HP: 25/26 MP: 7/7
   827 | D:1      | Found a faded altar of an unknown god.
   836 | D:1      | Learned a level 2 spell: Blink
   947 | D:2      | Reached skill level 5 in Spellcasting
   947 | D:2      | Reached XP level 3. HP: 31/31 MP: 7/9
  1247 | D:2      | Reached skill level 1 in Invocations
  1692 | D:2      | Reached skill level 1 in Short Blades
  1692 | D:2      | Reached skill level 1 in Long Blades
  1692 | D:2      | Reached skill level 1 in Axes
  1692 | D:2      | Reached skill level 1 in Polearms
  1692 | D:2      | Reached skill level 1 in Staves
  1692 | D:2      | Reached skill level 1 in Ranged Weapons
  1692 | D:2      | Reached skill level 1 in Stealth
  1692 | D:2      | Reached skill level 1 in Shields
  1692 | D:2      | Reached skill level 1 in Unarmed Combat
  1692 | D:2      | Reached skill level 1 in Evocations
  2084 | D:3      | Noticed a scorpion
  2094 | D:3      | Killed a scorpion
  2095 | D:3      | Reached skill level 1 in Conjurations
  2095 | D:3      | Reached skill level 1 in Hexes
  2095 | D:3      | Reached skill level 1 in Summonings
  2095 | D:3      | Reached skill level 1 in Necromancy
  2095 | D:3      | Reached skill level 1 in Transmutations
  2095 | D:3      | Reached skill level 1 in Fire Magic
  2095 | D:3      | Reached skill level 1 in Ice Magic
  2095 | D:3      | Reached skill level 1 in Air Magic
  2095 | D:3      | Reached skill level 1 in Earth Magic
  2095 | D:3      | Reached skill level 1 in Poison Magic
  2095 | D:3      | Reached XP level 4. HP: 38/38 MP: 11/11
  2095 | D:3      | Reached XP level 5. HP: 43/43 MP: 12/12
  2526 | D:3      | Slain by an iguana

Vanquished Creatures
  A scorpion (D:3)
  2 adders
  2 dart slugs
  3 endoplasms
  A giant cockroach (D:1)
  2 goblins
  4 hobgoblins
  5 jackals (D:1)
  A quokka (D:1)
  6 ball pythons
  6 bats
  3 frilled lizards
  5 kobolds
  5 rats
46 creatures vanquished.

Table legend: (Time is in decaauts)
 A = Elapsed time spent in this place.
 B = Non-inter-level travel time spent in this place.
 C = Inter-level travel time spent in this place.
 D = Time resting spent in this place.
 E = Time spent auto-exploring this place.
 F = Levels seen in this place.
 G = Mean time per level.
                   A        B        C        D        E       F      G
               +--------+--------+--------+--------+--------+-----+--------+
         Total |   2555 |   2426 |    129 |    238 |   1732 |   4 |  638.8 |
       Dungeon |   2555 |   2426 |    129 |    238 |   1732 |   4 |  638.8 |
               +--------+--------+--------+--------+--------+-----+--------+

Top non-repeatable levels by time:
     D:2: 1022 daAuts
     D:1: 963 daAuts
     D:3: 563 daAuts
     D:4: 6 daAuts

Table legend:
 A = Non-vault XP
 B = Vault XP
 C = Vault XP percentage of total XP
 D = Non-vault monster count
 E = Vault monster count
 F = Vault count percentage of total count
                 A         B        C        D         E       F
            +---------+---------+-------+---------+---------+-------
      Total |     183 |       4 |   2.1 |      44 |       2 |   4.3
            +---------+---------+-------+---------+---------+-------
        D:1 |      29 |       4 |  12.1 |      16 |       2 |  11.1
        D:2 |      38 |       0 |   0.0 |      16 |       0 |   0.0
        D:3 |     116 |       0 |   0.0 |      12 |       0 |   0.0
            +---------+---------+-------+---------+---------+-------
